 Dungeon Crawl Stone Soup version 0.30.1-11-g7821555f0a (webtiles) character file.

Game seed: 3590619688311140552

198986 comborobin the Warrior (level 18, -42/180 HPs)
             Began as a Hill Orc Delver on Dec 24, 2023.
             Was a High Priest of Cheibriados.
             Killed from afar by a deep elf annihilator (55 damage)
             ... with a crystal spear
             ... on level 3 of the Elven Halls on Dec 28, 2023.
             The game lasted 00:53:54 (31320 turns).

comborobin the Warrior (Hill Orc Delver)           Turns: 31320, Time: 00:53:55

Health: -42/180    AC: 43    Str: 34    XL:     18   Next: 91%
Magic:  17/24      EV: 25    Int: 25    God:    Cheibriados [*****.]
Gold:   4080       SH:  0    Dex: 26    Spells: 13/17 levels left

rFire   + . .        a - +3 battleaxe (venom)
rCold   + . .        (shield currently unavailable)
rNeg    . . .        q - +6 plate armour {ponderous}
rPois   .            S - +1 helmet
rElec   .            G - +2 cloak
rCorr   +            A - +1 pair of gloves of Plog {rF+ rCorr Int+4}
SInv    .            J - +2 pair of boots
Will    +....        f - amulet of regeneration Stlth
                     t - ring of the Ancients {+Blink rC+ AC+4 Dex+3}
HPRegen 1.30/turn    w - ring of the Final Decision {EV+5 Slay+2}
MPRegen 0.19/turn

%: no passive effects
@: very slightly contaminated, very slow
A: no striking features
a: Renounce Religion, Evoke Blink, Bend Time, Temporal Distortion, Slouch, Step
From Time


You were on level 3 of the Elven Halls.
You worshipped Cheibriados.
Cheibriados was extremely pleased with you.
You visited 5 branches of the dungeon, and saw 26 of its levels.
You visited the Abyss 2 times.
You also visited: Sewer, Bailey and Gauntlet.

You collected 5383 gold pieces.
You spent 1303 gold pieces at shops.

Inventory:

Hand Weapons
 a - a +3 battleaxe of venom (weapon)
 b - a +2 halberd of flaming
 F - a +1 battleaxe of venom
 H - a +1 battleaxe of freezing
Missiles
 s - 3 throwing nets (quivered)
Armour
 i - a +0 chain mail of cold resistance
 m - a +2 scale mail of poison resistance
 q - a +6 plate armour of ponderousness (worn)
 A - the +1 pair of gloves of Plog (worn) {rF+ rCorr Int+4}
   (You found it on level 12 of the Dungeon)

   Int:       It affects your intelligence (+4).
   rF:        It protects you from fire.
   rCorr:     It protects you from acid and corrosion.
 G - a +2 cloak (worn)
 I - a +2 plate armour of fire resistance
 J - a +2 pair of boots (worn)
 S - a +1 helmet (worn)
Jewellery
 f - an amulet of regeneration (around neck)
 t - the ring of the Ancients (left hand) {+Blink rC+ AC+4 Dex+3}
   (You took it off a merfolk impaler on level 14 of the Dungeon)

   [ring of protection]

   AC:        It affects your AC (+4).
   Dex:       It affects your dexterity (+3).
   rC:        It protects you from cold.
   +Blink:    It lets you blink.
 v - a ring of see invisible
 w - the ring of the Final Decision (right hand) {EV+5 Slay+2}
   (You found it in a Gauntlet)

   [ring of evasion]

   EV:        It affects your evasion (+5).
   Slay:      It affects your accuracy & damage with ranged weapons and melee
   (+2).
 B - a ring of positive energy
 Q - the amulet "Hashrees" {RegenMP +Inv}
   (You took it off a minotaur in a Gauntlet)

   [amulet of magic regeneration]

   It increases your rate of magic regeneration.
   +Inv:      It lets you turn invisible.
 U - a +6 ring of strength
 V - a ring of wizardry
Wands
 x - a wand of flame (39)
 C - a wand of acid (5)
 D - a wand of digging (3)
 K - a wand of paralysis (8)
 M - a wand of iceblast (31)
 N - a wand of mindburst (19)
Scrolls
 c - 7 scrolls of fog
 d - 2 scrolls of silence
 h - 4 scrolls of enchant armour
 n - 2 scrolls of fear
 o - 18 scrolls of identify
 p - 6 scrolls of teleportation
 y - 2 scrolls of immolation
 E - 2 scrolls of butterflies
 O - 6 scrolls of enchant weapon
 R - 3 scrolls of amnesia
 W - 7 scrolls of magic mapping
 Y - a scroll of brand weapon
 Z - 3 scrolls of poison
Potions
 g - 2 potions of flight
 j - 4 potions of berserk rage
 k - 6 potions of cancellation
 r - a potion of resistance
 u - 2 potions of magic
 z - 4 potions of curing
 L - 3 potions of brilliance
 P - 2 potions of attraction
 T - 4 potions of mutation
 X - 3 potions of might


   Skills:
 - Level 20.5 Fighting
 - Level 18.4 Axes
 + Level 20.5 Armour
 - Level 13.3 Dodging
 - Level 4.1 Stealth
 - Level 2.0 Transmutations
 - Level 10.1 Fire Magic
 - Level 3.0 Poison Magic
 - Level 8.1 Invocations


You had 13 spell levels left.
You knew the following spells:

 Your Spells              Type           Power      Damage    Failure   Level
i - Ignite Poison         Fire/Tmut/Pois 25%        N/A       19%         3
A - Apportation           Tloc           0%         N/A       43%         1

Your spell library contained the following spells:

 Spells                   Type           Power      Damage    Failure   Level
 Inner Flame              Hex/Fire       25%        N/A       19%         3
 Poisonous Vapours        Pois/Air       14%        N/A       36%         2
 Necrotise                Necr           0%         1d4       43%         1
 Shock                    Conj/Air       0%         1d3       43%         1
 Slow                     Hex            0%         N/A       43%         1
 Cigotuvi's Dreadful Rot  Necr/Pois/Air  10%        N/A       43%         2
 Flame Wave               Conj/Fire      25%        2d8       52%         4
 Sticky Flame             Conj/Fire      25%        2d5       52%         4
 Static Discharge         Conj/Air       0%         2-2/arc   56%         2
 Mephitic Cloud           Conj/Pois/Air  5%         N/A       67%         3
 Confusing Touch          Hex            0%         N/A       80%         3
 Dazzling Flash           Conj/Hex       0%         N/A       80%         3
 Ozocubu's Armour         Ice            0%         N/A       80%         3
 Vampiric Draining        Necr           0%         2d6       80%         3
 Vhi's Electric Charge    Tloc/Air       0%         N/A       80%         3
 Airstrike                Air            0%         2d(0-16)  99%         4
 Cause Fear               Hex            0%         N/A       99%         4
 Leda's Liquefaction      Hex/Erth       0%         N/A       99%         4
 Alistair's Intoxication  Tmut/Pois      8%         N/A       99%         5
 Agony                    Necr           0%         N/A       100%        5
 Arcjolt                  Conj/Air       0%         1d10      100%        5
 Freezing Cloud           Conj/Ice/Air   0%         6-21      100%        5
 Lee's Rapid Deconstruct  Erth           0%         3d4*      100%        5
 Silence                  Hex/Air        0%         N/A       100%        5
 Plasma Beam              Fire/Air       12%        2x1d26    100%        6
 Statue Form              Tmut/Erth      3%         N/A       100%        6
 Dragon Form              Tmut           5%         N/A       100%        7
 Malign Gateway           Summ/Tloc      0%         N/A       100%        7
 Ozocubu's Refrigeration  Ice            0%         4d7       100%        7
 Borgnjor's Revivificati  Necr           0%         N/A       100%        8
 Necromutation            Tmut/Necr      2%         N/A       100%        8
 Summon Horrible Things   Summ           0%         N/A       100%        8
 Death's Door             Necr           0%         N/A       100%        9
 Dragon's Call            Summ           0%         N/A       100%        9


Dungeon Overview and Level Annotations

Branches:
Dungeon (15/15)            Temple (1/1) D:4            Lair (5/5) D:9
 Shoals (0/4) Lair:3       Spider (0/4) Lair:2        Slime (0/5) Lair:4
    Orc (2/2) D:9             Elf (3/3) Orc:2        Vaults (0/5) D:14
 Depths (0/4) D:15          Sewer (visited)          Bailey (visited)
Gauntlet (visited)

Altars:
Ashenzari
Cheibriados
Dithmenos
Elyvilon
Fedhas
Gozag
Hepliaklqana
Kikubaaqudgha
Makhleb
Nemelex Xobeh
Okawaru
Qazlal
Ru
Sif Muna
Trog
Uskayaw
Vehumet
Wu Jian
Xom
Yredelemnul
Zin
The Shining One
Beogh

Shops:
D:5 ([   D:10 *   D:11 ?   D:12 [   D:14 *   Orc:2 :[(*(   Elf:2 *

Annotations:
Elf:1 6 runed translucent doors


Message History

The iron shot hits you!!
* * * LOW HITPOINT WARNING * * *
The deep elf annihilator misses you.
The deep elf annihilator closely misses you.
You feel less invigorated.
You feel less confused.
The deep elf annihilator hits you with a +0 long sword.
* * * LOW HITPOINT WARNING * * *
You miss the deep elf annihilator. You slash the deep elf annihilator!
The deep elf annihilator is moderately wounded.
The deep elf annihilator barely misses you.
You closely miss the deep elf annihilator.
The deep elf annihilator is moderately wounded.
The deep elf annihilator casts a spell.
The deep elf annihilator blinks!
You warp the flow of time around you!
Cheibriados lowers the support of your attributes as your movement quickens.
Aiming: Corrosive Bolt
Press: ? - help, Shift-Dir - straight line, f - deep elf annihilator
Aim: a deep elf annihilator, wielding a +0 long sword and wearing a +0 ring mail (lightly wounded, wandering, hasn't noticed you, 64% to hit)
The bolt of acid hits the deep elf annihilator!
The acid corrodes the deep elf annihilator!
The deep elf annihilator is heavily wounded.
You completely miss the deep elf annihilator.
The deep elf annihilator is moderately wounded.
The deep elf annihilator barely misses you.
You hit the deep elf annihilator.
The deep elf annihilator is poisoned.
The deep elf annihilator is moderately wounded.
The deep elf annihilator gestures at you while chanting.
The crystal spear hits you!!!
* * * LOW HITPOINT WARNING * * *
Casting: Ignite Poison (mildly dangerous; 19% risk of failure)
Confirm with . or Enter, or press ? or * to list all spells.
You ignite the poison in your surroundings!
The deep elf annihilator seems to burn from within!!
The deep elf annihilator is severely wounded.
The deep elf annihilator casts a spell at you.
The crystal spear hits you!!!
You die...

.e#.. ##.... #....
#e..# #. ##.).#e...
#......... #.)###
####### #
##.)..####.....####..
#...)).@)............
###....e..#...#......
####.............#
####..)))..#
####)#### ###
#..).#### ##.#
#....##)####...
##.))..#)##.###
#.##.###..## #


You could see a deep elf annihilator (corroded).

Vanquished Creatures
  An ancient lich (Abyss:3)
  Jorgrun (D:14)
  2 deep elf blademasters (Elf:3)
  Rupert (D:15)
  2 deep elf master archers (Elf:3)
  Frances (Elf:1)
  Kirke (Lair:4)
  A frost giant (D:14)
  An orc warlord (Orc:2)
  7 deep elf sorcerers
  4 deep elf elementalists
  A very ugly thing (Abyss:2)
  The ghost of jtron the Severer, a journeyman DsBe of Trog (D:14)
  8 deep elf demonologists
  8 deep elf annihilators (Elf:3)
  A minotaur (Gauntlet)
  A deep elf death mage (Elf:3)
  Snorg (D:14)
  A merfolk impaler (D:14)
  Harold (Lair:1)
  5 deep elf high priests
  2 fire dragons (D:15)
  Josephine (D:10)
  7 hydras
  5 centaur warriors
  4 rakshasas
  A merfolk avatar (Lair:5)
  An ogre mage (D:12)
  36 dancing weapons
  3 boulder beetles
  Urug (D:10)
  4 death yaks
  2 tengu warriors
  5 two-headed ogres
  6 orc high priests
  Sonja (Lair:5)
  A thrashing horror (Abyss:3)
  22 deep elf knights
  3 skysharks (Lair:5)
  The ghost of bairyn the Covered, a novice MiFi of Makhleb (D:9)
  7 skeletal warriors
  Amaemon (Lair:1)
  2 sea snakes (Lair:5)
  A glowing orange brain (D:15)
  Pikel (D:6)
  2 harpies (Lair:5)
  11 deep elf archers
  A wizard (D:12)
  7 orc knights
  30 deep elf pyromancers
  12 ugly things
  5 orc sorcerers
  2 manticores
  10 cyclopes
  37 deep elf zephyrmancers
  2 wolf spiders (D:12)
  An ice statue (D:8)
  10 elephants
  A merfolk siren (Lair:3)
  Maurice (D:10)
  7 black mambas
  2 gargoyles (D:12)
  A smoke demon (Abyss:2)
  A guardian serpent (Abyss:3)
  4 centaur skeletons (D:14)
  An orange demon (Lair:1)
  A minotaur zombie (Gauntlet)
  A rime drake (shapeshifter) (D:14)
  8 cane toads
  4 unseen horrors
  A torpor snail (Lair:2)
  Maggie (D:8)
  3 rime drakes
  An efreet (D:15)
  2 kobold demonologists
  4 komodo dragons
  An ice devil (Gauntlet)
  A tengu conjurer (D:15)
  9 trolls
  A merfolk (shapeshifter) (D:15)
  5 polar bears
  Grinder (D:4)
  Prince Ribbit (D:7)
  18 blink frogs
  A polar bear (shapeshifter) (D:12)
  4 hornets
  4 raiju (Abyss:2)
  A snapping turtle (Lair:5)
  A large abomination (Abyss:3)
  A small abomination (Abyss:2)
  5 centaur simulacra
  3 vampires
  8 air elementals
  2 shadows
  17 slime creatures
  5 wraiths
  A ynoxinul (Abyss:2)
  3 wyverns
  Eustachio (D:4)
  5 basilisks
  4 hogs (Lair:4)
  A water elemental (Elf:3)
  15 yaks
  Grum (D:10)
  4 fire elementals
  8 vampire mosquitoes
  2 wargs (Orc:1)
  2 steam dragons
  Menkaure (D:5)
  4 acid dragons
  A harpy simulacrum (Gauntlet)
  Duvessa (D:5)
  8 water moccasins
  29 orc warriors
  2 sky beasts
  A meliai simulacrum (D:15)
  3 ice beasts
  5 ogres
  4 black bears
  6 wolves
  8 boggarts
  11 centaurs
  4 lemures (D:6)
  A phantom (D:7)
  7 kobold brigands
  10 bullfrogs
  3 earth elementals
  5 gnoll sergeants
  6 scorpions
  9 wights
  Dowan (D:5)
  7 killer bees
  A howler monkey (D:4)
  3 jellies
  6 orc priests
  3 sleepcaps
  5 starcursed masses (Abyss:3)
  6 hounds
  An iguana (D:5)
  7 orc wizards
  7 hell rats
  12 gnolls
  8 adders
  12 river rats
  A shadow imp (D:7)
  3 white imps
  3 ufetubi
  6 worms
  3 dart slugs
  56 orcs
  9 ball pythons
  7 bats
  13 endoplasms
  9 giant cockroaches
  13 goblins
  8 hobgoblins
  9 jackals
  20 kobolds
  3 quokkas
  2 frilled lizards (D:2)
  10 rats
  A butterfly (Lair:4)
862 creatures vanquished.

Vanquished Creatures (others)
  A deep elf elementalist (Elf:1)
  A deep elf knight (Elf:3)
  A water elemental (Elf:2)
  A boggart (D:15)
  An orc priest (D:6)
5 creatures vanquished.

Grand Total: 867 creatures vanquished

Notes
Turn   | Place    | Note
-------+----------+-------------------------------------------
     0 | D:5      | comborobin the Hill Orc Delver began the quest for the Orb.
     0 | D:5      | Reached XP level 1. HP: 19/19 MP: 1/1
    79 | D:4      | Noticed a howler monkey
   163 | D:3      | Found a faded altar of an unknown god.
   371 | D:3      | Reached XP level 2. HP: 18/26 MP: 2/2
   536 | D:3      | Reached XP level 3. HP: 21/31 MP: 3/3
   645 | D:3      | Reached skill level 5 in Axes
   683 | D:3      | Noticed an ogre
   766 | D:3      | Killed an ogre
   767 | D:3      | Reached XP level 4. HP: 14/39 MP: 4/4
   767 | D:3      | Reached XP level 5. HP: 17/45 MP: 5/5
   967 | D:4      | Found a staircase to the Ecumenical Temple.
   976 | Temple   | Entered the Ecumenical Temple
  1239 | D:4      | Reached skill level 1 in Armour
  2038 | D:2      | Reached XP level 6. HP: 48/51 MP: 6/6
  3118 | D:5      | Noticed Eustachio
  3122 | D:5      | Noticed an ice beast
  3162 | D:4      | Killed Eustachio
  3163 | D:4      | Reached XP level 7. HP: 25/57 MP: 7/7
  3541 | D:5      | Noticed Menkaure
  3559 | D:5      | Killed Menkaure
  3929 | D:5      | Reached skill level 10 in Axes
  3968 | D:5      | Reached XP level 8. HP: 61/64 MP: 8/8
  3981 | D:5      | Noticed Grinder
  4179 | D:4      | Killed Grinder
  4304 | D:5      | Noticed Duvessa
  4304 | D:5      | Noticed Dowan
  4388 | D:5      | Killed Duvessa
  4974 | D:5      | Killed Dowan
  5022 | D:5      | Found Ybonga's Antique Weapon Shop.
  5026 | D:5      | Bought a battleaxe for 156 gold pieces
  5030 | D:5      | Found Xausiv's Antique Armour Shoppe.
  5038 | D:5      | Bought a glowing scale mail for 175 gold pieces
  5273 | D:6      | Found a glowing drain.
  5287 | Sewer    | Entered a sewer
  5376 | Sewer    | Reached XP level 9. HP: 67/70 MP: 9/9
  5412 | Sewer    | Found a white marble altar of Elyvilon.
  5487 | D:6      | Noticed a skeletal warrior
  5773 | D:6      | Found a burning altar of Makhleb.
  5774 | D:6      | Found a shadowy altar of Dithmenos.
  5775 | D:6      | Found a white marble altar of Elyvilon.
  5784 | D:6      | Found a sacrificial altar of Ru.
  6105 | D:6      | Found an ornate altar of the Wu Jian Council.
  6107 | D:6      | Noticed Pikel
  6144 | D:6      | Killed Pikel
  6145 | D:6      | Reached skill level 15 in Axes
  6376 | D:6      | Identified the +1 quarterstaff of Rygaolei {elec, Will-
                  | Str+3 Dex+4}
  6816 | D:6      | Got the Handbook of the Storm
  7092 | D:7      | Noticed Prince Ribbit
  7101 | D:7      | Identified the amulet of Hujonki {Faith rPois Dex+3 Stlth+}
  7129 | D:7      | Reached XP level 10. HP: 44/77 MP: 10/10
  7133 | D:7      | Killed Prince Ribbit
  7204 | D:7      | Noticed an unseen horror
  7214 | D:7      | Killed an unseen horror
  8154 | D:8      | Found a broken altar of Ashenzari.
  8208 | D:8      | Found a basalt altar of Yredelemnul.
  8224 | D:8      | Noticed Maggie
  8234 | D:8      | Killed Maggie
  8235 | D:8      | Reached skill level 5 in Fighting
  8235 | D:8      | Reached skill level 5 in Armour
  8485 | D:8      | Noticed an ice statue
  8496 | D:8      | Killed an ice statue
  8697 | D:8      | Found a snail-covered altar of Cheibriados.
  9997 | D:6      | Killed a skeletal warrior
 10296 | D:8      | Became a worshipper of Cheibriados the Contemplative
 10326 | D:9      | Reached XP level 11. HP: 81/92 MP: 11/11
 10362 | D:9      | Found a staircase to the Orcish Mines.
 10380 | D:9      | Found a runed translucent door.
 10381 | D:9      | Noticed bairyn's ghost (novice MiFi)
 10666 | D:9      | Found a staircase to the Lair.
 10666 | D:9      | Noticed a death yak
 10687 | D:9      | Killed a death yak
 10687 | D:9      | Reached * piety under Cheibriados
 11068 | D:9      | Killed bairyn's ghost
 11068 | D:9      | Reached ** piety under Cheibriados
 11114 | D:10     | Entered Level 10 of the Dungeon
 11164 | D:10     | Noticed Josephine
 11174 | D:10     | Killed Josephine
 11211 | D:10     | Reached skill level 10 in Fighting
 11381 | D:10     | Found a flagged portal.
 11396 | Bailey   | Entered a bailey
 11578 | Bailey   | Reached *** piety under Cheibriados
 11760 | Bailey   | Noticed an orc knight
 11767 | Bailey   | Reached skill level 10 in Armour
 11776 | Bailey   | Killed an orc knight
 11782 | Bailey   | Reached XP level 12. HP: 41/107 MP: 12/12
 12021 | D:10     | Noticed Urug
 12033 | D:10     | Killed Urug
 12299 | D:10     | Noticed Grum
 12308 | D:10     | Killed Grum
 12309 | D:10     | Reached XP level 13. HP: 109/114 MP: 13/13
 12632 | D:10     | Noticed Maurice
 12640 | D:10     | Killed Maurice
 12643 | D:10     | Reached **** piety under Cheibriados
 12654 | D:10     | Found Queziack's General Store.
 12781 | D:10     | Bought 3 scrolls of enchant weapon for 270 gold pieces
 12882 | D:11     | Found an ancient bone altar of Kikubaaqudgha.
 12967 | D:11     | Found Soopny's Magic Scroll Boutique.
 13220 | D:11     | Reached skill level 1 in Invocations
 13910 | D:12     | Reached ***** piety under Cheibriados
 14200 | D:12     | Identified the +1 chain mail of the Delicate Slorg {SInv}
 14252 | D:12     | Identified the +1 pair of gloves of Plog {rF+ rCorr Int+4}
 14266 | D:12     | Found Egetyil's Armour Emporium.
 14473 | Abyss:2  | Cast into level 2 of the Abyss (a wizard)
 14598 | Abyss:2  | Noticed a cyan very ugly thing
 14599 | Abyss:2  | Noticed a cyan very ugly thing
 14813 | Abyss:2  | Killed a cyan very ugly thing
 14814 | Abyss:2  | Reached XP level 14. HP: 56/122 MP: 16/16
 14839 | Abyss:2  | Noticed a deep elf sorcerer
 15065 | Abyss:3  | Noticed a starcursed mass
 15083 | Abyss:3  | Noticed an ancient lich
 15110 | Abyss:3  | Reached skill level 5 in Invocations
 15118 | Abyss:3  | Killed an ancient lich
 15121 | Abyss:3  | Found a corrupted altar of Lugonu.
 15121 | Abyss:3  | Noticed a red very ugly thing
 15123 | Abyss:3  | Killed a deep elf sorcerer
 15126 | D:12     | Escaped the Abyss
 16165 | D:13     | Found a sparkling altar of Nemelex Xobeh.
 16888 | Orc:1    | Entered Level 1 of the Orcish Mines
 16896 | Orc:1    | Found a roughly hewn altar of Beogh.
 17272 | Orc:2    | Entered Level 2 of the Orcish Mines
 17461 | Orc:2    | Found Mawuov's General Store.
 17461 | Orc:2    | Found a staircase to the Elven Halls.
 17505 | Orc:2    | Found Rajatodiwi's Antique Weapon Emporium.
 17515 | Orc:1    | Reached skill level 5 in Dodging
 17563 | Orc:2    | Found Besae's Book Shoppe.
 17672 | Orc:2    | Bought a Trismegistus Codex for 312 gold pieces
 17676 | Orc:2    | Learned a level 3 spell: Ignite Poison
 17704 | Orc:2    | Noticed an orc warlord
 17725 | Orc:2    | Reached skill level 1 in Fire Magic
 17726 | Orc:2    | Killed an orc warlord
 17727 | Orc:2    | Reached skill level 1 in Poison Magic
 17727 | Orc:2    | Reached XP level 15. HP: 44/135 MP: 21/21
 17749 | Orc:2    | Reached skill level 1 in Transmutations
 17827 | Orc:2    | Found Etau's Antique Armour Boutique.
 18071 | Orc:2    | Found Sienor's Weapon Shop.
 18672 | D:14     | Found a shimmering blue altar of Sif Muna.
 18747 | D:14     | Reached skill level 5 in Fire Magic
 18952 | D:14     | Found a gate to the Vaults.
 18983 | D:14     | Noticed Snorg
 18990 | D:14     | Killed Snorg
 19009 | D:14     | Found Xijaoth's General Store.
 19132 | D:14     | Bought a +6 plate armour of ponderousness for 390 gold
                  | pieces
 19393 | D:14     | Noticed Jorgrun
 19403 | D:14     | Killed Jorgrun
 19425 | D:14     | Found an ornate altar of the Wu Jian Council.
 19524 | D:14     | Found a runed translucent gate.
 19525 | D:14     | Found a runed translucent gate.
 19525 | D:14     | Noticed a frost giant
 19526 | D:14     | Found a runed translucent gate.
 19526 | D:14     | Identified the +9 demon blade "Ushunniu" {venom, rF- rN++}
 19526 | D:14     | Noticed jtron's ghost (journeyman DsBe)
 19527 | D:14     | Found an iron altar of Okawaru.
 19527 | D:14     | Identified the ring of the Ancients {+Blink rC+ AC+4 Dex+3}
 19639 | D:14     | Found a hazy altar of Hepliaklqana.
 19639 | D:14     | Found a sacrificial altar of Ru.
 19641 | D:14     | Found an ornate altar of the Wu Jian Council.
 19641 | D:14     | Found a sparkling altar of Nemelex Xobeh.
 19641 | D:14     | Found a shimmering altar of Xom.
 19915 | D:14     | Killed a frost giant
 19931 | D:14     | Killed jtron's ghost
 19931 | D:14     | Reached ****** piety under Cheibriados
 20138 | D:15     | Entered Level 15 of the Dungeon
 20211 | D:15     | Reached skill level 10 in Fire Magic
 20672 | D:15     | Noticed Rupert
 20684 | D:15     | Killed Rupert
 21326 | D:15     | Reached XP level 16. HP: 147/147 MP: 19/22
 21586 | D:15     | Found a staircase to the Depths.
 21770 | Lair:1   | Entered Level 1 of the Lair of Beasts
 21890 | Lair:1   | Noticed Harold
 21897 | Lair:1   | Killed Harold
 22020 | Lair:1   | Reached skill level 15 in Fighting
 22106 | Lair:1   | Noticed Amaemon
 22111 | Lair:1   | Killed Amaemon
 22677 | Lair:2   | Found a hole to the Spider Nest.
 22701 | Lair:2   | Found a gate leading to a gauntlet.
 22708 | Gauntlet | Entered a Gauntlet
 22708 | Gauntlet | Found a transporter.
 22716 | Gauntlet | Found a transporter.
 22717 | Gauntlet | Found a transporter.
 22728 | Gauntlet | Found a transporter.
 22731 | Gauntlet | Found a transporter.
 22735 | Gauntlet | Found a runed translucent door.
 22738 | Gauntlet | Found a runed translucent door.
 22740 | Gauntlet | Found a transporter.
 22756 | Gauntlet | Found a transporter.
 22763 | Gauntlet | Found a runed translucent door.
 22767 | Gauntlet | Found a transporter.
 22777 | Gauntlet | Found a transporter.
 22782 | Gauntlet | Found a transporter.
 22782 | Gauntlet | Found a transporter.
 22811 | Gauntlet | Found a transporter.
 22813 | Gauntlet | Found a transporter.
 22861 | Gauntlet | Found a transporter.
 23044 | Gauntlet | Identified the ring of the Final Decision {EV+5 Slay+2}
 23070 | Gauntlet | Identified the staff of poison "Aku Xaru" {rElec rPois rN++
                  | Str-3 SInv}
 23070 | Gauntlet | Identified the amulet "Hashrees" {RegenMP +Inv}
 23084 | Gauntlet | Identified the ring of the Devil's Advocate {Ice Int+5}
 23183 | Lair:2   | You fall into a shaft and drop 1 floor!
 23776 | Lair:3   | Found a staircase to the Shoals.
 24181 | Lair:2   | Learned a level 2 spell: Cigotuvi's Dreadful Rot
 24944 | Lair:4   | Found a staircase to the Slime Pits.
 25152 | Lair:4   | Noticed Kirke
 25162 | Lair:4   | Killed Kirke
 25475 | Lair:5   | Entered Level 5 of the Lair of Beasts
 25976 | Lair:5   | Identified the +9 trident of Honesty {vamp, rPois rF++
                  | Str-5 Dex+2}
 26688 | Lair:5   | Noticed Sonja
 26696 | Lair:5   | Killed Sonja
 26977 | Elf:1    | Entered Level 1 of the Elven Halls
 26977 | Elf:1    | You fall into a shaft and drop 1 floor!
 26978 | Elf:2    | Paralysed by an air elemental for 1 turns
 26983 | Elf:2    | Paralysed by an air elemental for 1 turns
 26997 | Abyss:3  | Cast into level 3 of the Abyss (a deep elf sorcerer)
 27009 | Elf:2    | Escaped the Abyss
 27031 | Elf:2    | Reached XP level 17. HP: 82/168 MP: 3/23
 27132 | Elf:2    | Paralysed by an air elemental for 1 turns
 27189 | Elf:2    | Found Asuunim's General Store.
 27696 | Elf:2    | Found a runed translucent gate.
 27696 | Elf:2    | Found a runed translucent gate.
 27696 | Elf:2    | Found a runed translucent gate.
 28633 | Elf:1    | Paralysed by an air elemental for 1 turns
 28636 | Elf:1    | Paralysed by an air elemental for 1 turns
 28639 | Elf:1    | Paralysed by an air elemental for 1 turns
 28713 | Elf:1    | Noticed a Hell Sentinel
 28714 | Elf:1    | Noticed a Tzitzimitl
 28769 | Elf:1    | Paralysed by an air elemental for 1 turns
 29060 | Elf:1    | Reached XP level 18. HP: 180/180 MP: 24/24
 29182 | Elf:1    | Noticed Frances
 29188 | Elf:1    | Reached skill level 10 in Dodging
 29199 | Elf:1    | Killed Frances
 29279 | Elf:1    | Identified the +0 scale mail of a Gauntlet {rElec rC+}
 29348 | Elf:1    | Found a runed translucent gate.
 29348 | Elf:1    | Found a runed translucent gate.
 29348 | Elf:1    | Found a runed translucent gate.
 29348 | Elf:1    | Found a runed translucent gate.
 29348 | Elf:1    | Found a runed translucent gate.
 29349 | Elf:1    | Found a runed translucent gate.
 29847 | Elf:3    | Entered Level 3 of the Elven Halls
 30140 | Elf:2    | Learned a level 1 spell: Apportation
 30278 | Elf:3    | Paralysed by an air elemental for 1 turns
 30588 | Elf:3    | Found an ancient bone altar of Kikubaaqudgha.
 30824 | Elf:3    | Noticed a deep elf master archer
 30836 | Elf:3    | Killed a deep elf master archer
 30869 | Elf:3    | Identified the ring "Myqoud" {Fire Dex+4}
 30903 | Elf:3    | Identified the +5 halberd of Causality {vamp, rElec Dex+2}
 30905 | Elf:3    | Noticed a deep elf blademaster
 30913 | Elf:3    | Killed a deep elf blademaster
 30990 | Elf:3    | Identified the +6 flail "Kyka" {drain, rPois rN++ Will+
                  | Str-4}
 30990 | Elf:3    | Identified the +1 ring mail of Imperfection {Int-2 Dex+2
                  | Slay+4}
 31009 | Elf:3    | Noticed a deep elf blademaster
 31013 | Elf:3    | Killed a deep elf blademaster
 31096 | Elf:3    | Identified the +1 spear of the Inquisitive Xenops {freeze,
                  | rPois Will- MP+9 Dex+5}
 31241 | Elf:3    | Paralysed by an air elemental for 1 turns
 31243 | Elf:3    | Paralysed by an air elemental for 1 turns
 31245 | Elf:3    | Paralysed by an air elemental for 1 turns
 31267 | Elf:3    | Noticed a deep elf master archer
 31272 | Elf:3    | Killed a deep elf master archer
 31301 | Elf:3    | HP: 9/180 [deep elf annihilator/crystal spear (63)]
 31320 | Elf:3    | Killed from afar by a deep elf annihilator

Illustrated notes

Levels and vault maps discovered:
D:1:      lightli_arrival_statue_moat, layout_loops_corners, minivault_24
D:2:      layout_basic, minmay_joined_circles
D:3:      layout_basic, basic_ecumenical_altar
D:4:      layout_rooms, minmay_temple_entry_statues_fountains,
          solitary_fountain, grunt_ministairs_1
D:5:      layout_basic, serial_shops, nicolae_shop_tiny_glass, shop,
          uniq_grinder, uniq_eustachio, uniq_duvessa, uniq_menkaure
D:6:      minmay_cornered_nines, layout_cave_pods, grunt_temple_overflow_open,
          nzn_wu_jian_contemplation, gup_sewer_entry_glass, uniq_pikel
D:7:      layout_cave_pools, uniq_prince_ribbit1
D:8:      lemuel_ice_statue, layout_rooms, mainiacjoe_overflow_paths,
          cheibrodos_worm_habitat, nicolae_overflow_hidden_temple,
          minmay_diced_spiral, uniq_maggie
D:9:      layout_roguey, david_lair_generic, orc_0_dummy, gammafunk_ghost_grave
D:10:     layout_grid_maze, serial_shops, shop, enter_bailey_3, uniq_urug,
          uniq_maurice, uniq_josephine, uniq_grum
D:11:     layout_gridville, serial_shops, kennysheep_mini,
          kiku_gazebo_garden_becter
D:12:     minmay_the_grid_square_5x5_4x4
          [minmay_the_grid_square_5x5_two_walls_a,
          minmay_the_grid_square_5x5_minibox,
          minmay_the_grid_square_5x5_checkered_statues,
          minmay_the_grid_square_5x5_percent,
          minmay_the_grid_square_5x5_fancy_junction,
          minmay_the_grid_square_5x5_prize_itemx,
          minmay_the_grid_square_5x5_prize_junk,
          minmay_the_grid_square_5x5_fat_x, minmay_the_grid_square_5x5_one_wall,
          minmay_the_grid_square_5x5_prize_rear_guard,
          minmay_the_grid_square_5x5_prize_gold,
          minmay_the_grid_square_5x5_comb, minmay_the_grid_square_5x5_trominoes,
          minmay_the_grid_square_5x5_spiral, minmay_the_grid_square_5x5_n_small,
          minmay_the_grid_square_5x5_shuriken], layout_stronghold, serial_shops,
          nicolae_stop_n_shop_2
D:13:     layout_loops_corners, nemelex_diamond_rough_becter
D:14:     layout_loops_cross, hangedman_vaults_entry_quadrant_bands,
          serial_shops, nicolae_shop_peninsula, led_sif_pool,
          gammafunk_ghost_fury_of_okawaru, doesnt_xom_only_xom, uniq_jorgrun,
          uniq_snorg
D:15:     gammafunk_enter_depths_forms, layout_layer_cave, serial_bayou_pond_d,
          uniq_rupert
Temple:   eino_temple_water
Lair:1:   layout_gridlike, kennysheep_rathole, uniq_amaemon, uniq_harold
Lair:2:   layout_chaotic_city, nicolae_spider_entry_non_spiders,
          gauntlet_entry_generic
Lair:3:   layout_long_grid, minmay_shoals_entry_lonely_mermaid,
          chequers_serial_rivers_large_a
Lair:4:   layout_regular_city, dpeg_slime_entry_corner, st_stairs_3,
          grunt_megastairs_4, lemuel_fruit_fields, uniq_kirke
Lair:5:   gammafunk_lair_ancient_temple, layout_cave_pods, lemuel_fruit_fields,
          uniq_sonja
Orc:1:    layout_caves, mines2_david
Orc:2:    grunt_orc_gardens, layout_caves, grunt_orc_garden, grunt_orc_garden,
          grunt_orc_garden, grunt_orc_garden, serial_shops, shop
Elf:1:    hangedman_cross_stitches, layout_loops_corners, orc_legates,
          uniq_frances
Elf:2:    nicolae_elf_blades_splatter_lattice [nicolae_blade_bullseye],
          layout_geoelf_diagonals, serial_shops, shop, minmay_misc_feat_rows
Elf:3:    minmay_elf_hall_furrowed, layout_loops_cross, david_defended_altar_elf

Skill      XL: |  1  2  3  4  5  6  7  8  9 10 11 12 13 14 15 16 17 18 |
---------------+-------------------------------------------------------+-----
Axes           | 4 6 7 8 10 13 16 18 | 18.4
Armour         | 2 3 6 16 20 | 20.5
Fighting       | 7 10 13 14 19 20 | 20.5
Invocations    | 3 8 |  8.1
Dodging        | 5 9 13 | 13.3
Fire Magic     | 2 10 | 10.1
Poison Magic   | 1 3 |  3.0
Transmutations | 2 |  2.0
Stealth        | |  4.1

Action                     |  1- 3 |  4- 6 |  7- 9 | 10-12 | 13-15 | 16-18 || total
---------------------------+-------+-------+-------+-------+-------+-------++-------
  Melee: Hand axe          |    57 |   219 |   212 |       |       |       ||   488
         Punch             |       |     2 |     5 |       |       |       ||     7
         Battleaxe         |       |       |   212 |   418 |   754 |   832 ||  2216
         Falchion          |       |       |    17 |       |       |       ||    17
         Halberd           |       |       |       |       |    13 |    23 ||    36
   Fire: Sling             |     7 |       |     2 |       |       |       ||     9
  Throw: Throwing net      |       |       |       |       |     4 |     1 ||     5
   Cast: Ignite Poison     |       |       |       |       |    29 |    65 ||    94
         Cigotuvi's Dreadf |       |       |       |       |       |     1 ||     1
 Invoke: Temporal Distorti |       |       |       |       |     2 |    10 ||    12
         Slouch            |       |       |       |       |     2 |    14 ||    16
  Evoke: Wand              |       |       |     2 |    19 |     1 |     9 ||    31
    Use: Scroll            |     1 |       |     9 |     9 |    11 |     6 ||    36
         Potion            |     1 |     1 |     6 |     4 |    10 |    10 ||    32
   Stab: Sleeping          |     2 |       |       |     1 |       |       ||     3
         Distracted        |       |       |     2 |       |     1 |       ||     3
         Invisible         |       |       |     1 |       |       |       ||     1
         Held in net/web   |       |       |       |       |     4 |       ||     4
 Armour: Chain mail        |    20 |   172 |       |       |       |       ||   192
         Leather armour    |     1 |       |    56 |       |       |       ||    57
         Scale mail        |       |       |   127 |    97 |       |       ||   224
         Plate armour      |       |       |       |   204 |   697 |   694 ||  1595
  Dodge: Dodged            |    19 |   101 |   205 |   183 |   433 |  1007 ||  1948
  Block: Other             |       |    12 |   110 |    47 |       |       ||   169
         Reflection        |       |       |     1 |     1 |       |       ||     2
